 Dungeon Crawl Stone Soup version 0.22-a0-402-ga933591 (webtiles) character file.

6 Mgcat the Skirmisher (level 1, 0/22 HPs)
             Began as a Troll Fighter on May 6, 2018.
             Slain by a gnoll (7 damage)
             ... on level 1 of the Dungeon.
             The game lasted 00:00:24 (182 turns).

Mgcat the Skirmisher (Troll Fighter)                 Turns: 182, Time: 00:00:25

Health: 0/22       AC:  5    Str: 23    XL:     1   Next: 75%
Magic:  0/0        EV:  8    Int:  4    God:
Gold:   41         SH:  8    Dex:  9    Spells: 0/0 levels left

rFire    . . .     SeeInvis .     - Unarmed
rCold    . . .     Gourm    +   b - +0 shield
rNeg     . . .     Faith    .   a - +0 robe
rPois    .         Spirit   .   (helmet restricted)
rElec    .         Reflect  .   (no cloak)
rCorr    .         Harm     .   (gloves unavailable)
MR       .....                  (boots unavailable)
Stlth    +.........             (no amulet)
HPRegen  0.47/turn              (no ring)
MPRegen  0.07/turn              (no ring)

@: no status effects
A: large, unfitting armour, claws 3, fast metabolism 3, gourmand, regeneration
1, shaggy fur 1, tough skin 2
a: no special abilities


You were on level 1 of the Dungeon.
You were very full.

You visited 1 branch of the dungeon, and saw 1 of its levels.

You collected 41 gold pieces.

Inventory:

Hand Weapons
 e - a +0 club
   (You took it off a hobgoblin on level 1 of the Dungeon)
 f - a +0 club
   (You took it off a kobold on level 1 of the Dungeon)
 h - a +0 dagger
   (You took it off a goblin on level 1 of the Dungeon)
Armour
 a - a +0 robe (worn)
 b - a +0 shield (worn)
Scrolls
 i - a scroll of teleportation {unknown}
 j - a scroll of fear {unknown}
 k - 2 scrolls of magic mapping {unknown}
Potions
 c - a potion of might
 g - a potion of resistance {unknown}
Comestibles
 d - 4 rations


   Skills:
 + Level 2.6 Fighting
 - Level 2.4 Dodging
 - Level 2.4 Shields
 + Level 2.3 Unarmed Combat


You couldn't memorise any spells.
You didn't know any spells.

Dungeon Overview and Level Annotations

Branches:
Dungeon (1/15)

Altars:


Innate Abilities, Weirdness & Mutations

You are too large for most types of armour.
You have claws for hands.
Your metabolism is lightning-fast.
You like to eat raw meat.
Your natural rate of healing is unusually fast.
You are covered in fur. (AC +1)
You have very tough skin. (AC +2)


Message History

Found 9 gold pieces.
Found a stone staircase leading down.
You miss the kobold. The kobold hits you but does no damage.
A goblin comes into view. It is wielding a dagger.
The goblin shouts!
You scratch the kobold but do no damage.
You block the kobold's attack.
You claw the kobold!
You kill the kobold!
No target in view!
No target in view!
No target in view!
No target in view!
A hobgoblin comes into view. It is wielding a club.
The hobgoblin moves out of view.
Things that are here:
a club; a kobold corpse You barely miss the goblin.
The hobgoblin shouts!
The goblin hits you but does no damage.
You closely miss the goblin. You block the goblin's attack.
You claw the goblin!
You kill the goblin!
You claw the hobgoblin!
You kill the hobgoblin!
No target in view!
No target in view!
No target in view!
e - a club
Things that are here:
21 sling bullets; a hobgoblin corpse You butcher the hobgoblin corpse.
f - 3 chunks of flesh {@w0} You see here 21 sling bullets. x2
Eating one of 3 chunks of flesh {@w0}.
You eat one of the 3 chunks of flesh {@w0}.
This raw flesh tastes great.
Eating one of 2 chunks of flesh {@w0}.
You eat one of the 2 chunks of flesh {@w0}.
This raw flesh tastes great.
Eating a chunk of flesh {@w0}.
You eat the chunk of flesh {@w0}.
This raw flesh tastes great.
f - a club You see here a kobold corpse.
g - a fizzy black potion You see here a kobold corpse.
h - a dagger You butcher the goblin corpse.
i - 2 chunks of flesh {@w0} You see here a goblin skeleton. x2
Eating one of 2 chunks of flesh {@w0}.
You eat one of the 2 chunks of flesh {@w0}.
This raw flesh tastes great.
Eating a chunk of flesh {@w0}.
You eat the chunk of flesh {@w0}.
This raw flesh tastes great.
A frilled lizard comes into view.
A frilled lizard is nearby!
A frilled lizard is nearby!
You see here a scroll labeled JOONNI FIPRAILL.
The frilled lizard barely misses you.
You see here 12 gold pieces.
You claw the frilled lizard!
You kill the frilled lizard!
No target in view!
No target in view!
No target in view!
You now have 12 gold pieces.
i - a scroll labeled JOONNI FIPRAILL
d - 3 rations (gained 1)
d - 4 rations (gained 1)
You now have 21 gold pieces (gained 9).
You now have 29 gold pieces (gained 8).
You now have 41 gold pieces (gained 12).
j - a scroll labeled XEUMEINODGH
Found an escape hatch in the floor.
k - 2 scrolls labeled HUMEEB ZOTET A gnoll comes into view.
The gnoll shouts!
A gnoll is nearby!
A goblin comes into view.
The goblin shouts!
The gnoll barely misses you.
You see here a scroll labeled QAWALI RUBUST.
You barely miss the gnoll. The gnoll hits you!
A kobold comes into view.
You are too injured to fight recklessly!
You are too injured to fight recklessly!
You are too injured to fight recklessly!
You are too injured to fight recklessly!
You barely miss the gnoll. The gnoll hits you.
You scratch the gnoll but do no damage. The gnoll barely misses you.
You scratch the gnoll.
The gnoll is moderately wounded.
The gnoll hits you.
You claw the gnoll!
The gnoll is almost dead.
The gnoll hits you.
You closely miss the gnoll.
The gnoll is almost dead.
The gnoll hits you!
You die...

..........# ..........#
......?...##
...........#
...........######
................#
.#....?...####.#
...........####.#######
K...........gg@.......##
..##..##.#######........
. ##. #.. ##.......# #.
##.# ##........# .
#..###...##.#### .
#.....#....#
♣######....# #.>..#
#....###


You could see a gnoll and a goblin.

Vanquished Creatures
  2 goblins (D:1)
  A hobgoblin (D:1)
  A kobold (D:1)
  A frilled lizard (D:1)
5 creatures vanquished.

Notes
Turn   | Place    | Note
-------+----------+-------------------------------------------
     0 | D:1      | Mgcat the Troll Fighter began the quest for the Orb.
     0 | D:1      | Reached XP level 1. HP: 22/22 MP: 0/0
   182 | D:1      | Slain by a gnoll

Vault maps used:
D:1:      saegor_arrival_under_anarchy, minivault_26

Action                   || total
-------------------------++-------
Melee: Unarmed           ||    17
  Eat: Chunk             ||     5
Armor: Robe              ||     2
Dodge: Dodged            ||     4
Block: Shield            ||     3

Table legend:
 A = Spawn XP
 B = Non-spawn XP
 C = Spawn XP percentage of total XP
 D = Spawn monster count
 E = Non-spawn monster count
 F = Spawn count percentage of total count
 G = Total turns spent on level
                    A         B        C        D         E        F      G
               +---------+---------+-------+---------+---------+-------+---------
         Total |       0 |       9 |   0.0 |       0 |       5 |   0.0 |   182
               +---------+---------+-------+---------+---------+-------+---------
           D:1 |       0 |       9 |   0.0 |       0 |       5 |   0.0 |   182
               +---------+---------+-------+---------+---------+-------+---------

Vault maps used:
D:1:      saegor_arrival_under_anarchy, minivault_26

Table legend:
 A = Turns spent in this place as a percentage of turns spent in the entire game.
 B = Non-inter-level travel turns spent in this place as a percentage of non-inter-level travel turns spent in the entire game.
 C = Inter-level travel turns spent in this place as a percentage of turns spent in this place.
 D = Turns resting spent in this place as a percentage of non-inter-level travel turns spent in this place.
 E = Turns spent auto-exploring this place as a percentage of non-inter-level travel turns spent in this place.
 F = Non-inter-level travel turns spent in this place divided by the number of levels of this place that you've seen.
                   A       B       C       D       E      F
               +-------+-------+-------+-------+-------+----------------------
         Total | 100.0 | 100.0 |   0.0 |   0.0 |  74.2 | 182.0
       Dungeon | 100.0 | 100.0 |   0.0 |   0.0 |  74.2 | 182.0
               +-------+-------+-------+-------+-------+----------------------

Table legend:
 A = Kills in this place as a percentage of kills in entire the game.
 B = Kills by you in this place as a percentage of kills by you in the entire game.
 C = Kills by friends in this place as a percentage of kills by friends in the entire game.
 D = Other kills in this place as a percentage of other kills in the entire game.
 E = Experience gained in this place as a percentage of experience gained in the entire game.
 F = Experience gained in this place divided by the number of levels of this place that you have seen.
                   A       B       C       D       E      F
               +-------+-------+-------+-------+-------+----------------------
         Total | 100.0 | 100.0 |   N/A |   N/A | 100.0 |   9.0
       Dungeon | 100.0 | 100.0 |   N/A |   N/A | 100.0 |   9.0
               +-------+-------+-------+-------+-------+----------------------
